 Dungeon Crawl Stone Soup version 0.24.0-1-gfbc8707 (webtiles) character file.

Game seed: 17993994611249036760, levelgen mode: deterministic

74 Buxparty the Skirmisher (level 4, -3/35 HPs)
             Began as a Mummy Chaos Knight on Jan 11, 2020.
             Was a Plaything of Xom.
             Slain by Robin
             ... wielding a +0 dagger
              (4 damage)
             ... on level 2 of the Dungeon.
             The game lasted 00:04:48 (1095 turns).

Buxparty the Skirmisher (Mummy Chaos Knight)        Turns: 1095, Time: 00:04:49

Health: -3/35      AC:  5    Str: 16    XL:     4   Next: 9%
Magic:  4/4        EV: 11    Int: 11    God:    Xom [*.....]
Gold:   70         SH:  0    Dex: 11    Spells: 3/3 levels left

rFire    x . .     SeeInvis .   a - +0 hand axe (chaos)
rCold    + . .     Gourm    .   (no shield)
rNeg     + + +     Faith    .   b - +2 leather armour
rPois    ∞         Spirit   .   (no helmet)
rElec    .         Reflect  .   (no cloak)
rCorr    .         Harm     .   (no gloves)
MR       .....                  (no boots)
Stlth    +.........             (no amulet)
HPRegen  0.11/turn              (no ring)
MPRegen  0.09/turn              (no ring)

@: no status effects
A: no food or potions, fire vulnerability, cold resistance 1, negative energy
resistance 3, torment resistance, unbreathing
a: Renounce Religion


You were on level 2 of the Dungeon.
You worshipped Xom.
You were a special plaything of Xom.
You were not hungry.

You visited 1 branch of the dungeon, and saw 2 of its levels.

You collected 70 gold pieces.

Inventory:

Hand Weapons
 a - a +0 hand axe of chaos (weapon)
Armour
 b - a +2 leather armour (worn)
Jewellery
 d - a cursed ring of attention {unknown}
 e - an uncursed ring of flight {unknown}
Scrolls
 c - 3 scrolls of identify {unknown}
 f - a scroll of remove curse {unknown}
 g - a scroll of fear {unknown}


   Skills:
 + Level 3.5 Fighting
 * Level 3.4 Axes
 + Level 2.2 Armour
 - Level 0.7 Dodging


You had 3 spell levels left.
You didn't know any spells.
Your spell library was empty.

Dungeon Overview and Level Annotations

Branches:
Dungeon (2/15)

Altars:

Annotations:
D:2 Robin


Innate Abilities, Weirdness & Mutations

You do not eat or drink.
Your flesh is vulnerable to fire.
You are immune to poison.
Your flesh is cold resistant. (rC+)
You are immune to negative energy. (rN+++)
You are immune to unholy pain and torment.
You can survive without breathing.


Message History

You emit a cloud of colourful smoke!
You closely miss Robin. You closely miss the goblin. You hit the goblin.
The goblin hits you. Robin hits you but does no damage.
The goblin hits you with a +0 dagger.
You are too injured to fight recklessly!
Robin barely misses you. The goblin hits you but does no damage.
Robin hits you with a +0 dagger.
You are too injured to fight recklessly!
You are too injured to fight recklessly!
You hit Robin but do no damage. You hit the goblin.
You kill the goblin!
You barely miss the goblin. The goblin hits you with a +0 dagger.
* * * LOW HITPOINT WARNING * * *
Robin hits you with a +0 dagger.
* * * LOW HITPOINT WARNING * * *
You hit Robin but do no damage.
Robin is poisoned.
You hit the goblin but do no damage. Robin hits you with a +0 dagger.
* * * LOW HITPOINT WARNING * * *
The goblin barely misses you. Robin hits you with a +0 dagger.
You die...

#..##.#†.#.###.#.....
#...().##.........#
#....#.().##..#...###
#...#.###)(..........#
^....................#
..###...#............###
. #...##.....?†.§......
#..# #......§gg......
#.. #.....).@§...... ...
#........####... ##
#........# . ###.##..##
#.#.... ........
#........ ......


You could see Robin (berserk) and a goblin.

Vanquished Creatures
  A worm (D:2)
  3 leopard geckos (D:1)
  2 ball pythons (D:1)
  A giant cockroach (D:1)
  14 goblins
  4 hobgoblins
  3 jackals (D:1)
  3 kobolds (D:1)
  5 bats (D:1)
  A frilled lizard (D:1)
  5 rats
42 creatures vanquished.

Vanquished Creatures (collateral kills)
  Terence (D:2)
1 creature vanquished.

Grand Total: 43 creatures vanquished

Notes
Turn   | Place    | Note
-------+----------+-------------------------------------------
     0 | D:1      | Buxparty the Mummy Chaos Knight began the quest for the
                  | Orb.
     0 | D:1      | Reached XP level 1. HP: 18/18 MP: 1/1
   330 | D:1      | Reached XP level 2. HP: 24/24 MP: 2/2
   517 | D:1      | Reached XP level 3. HP: 29/29 MP: 3/3
   899 | D:1      | XOM: silly message
   903 | D:2      | Noticed Terence
   910 | D:2      | XOM: enchant monster (good)
   918 | D:2      | Killed Terence
   985 | D:2      | XOM: mild Pois miscast
  1084 | D:2      | Noticed Robin
  1086 | D:2      | Reached XP level 4. HP: 29/35 MP: 4/4
  1091 | D:2      | XOM: smoke on damage
  1095 | D:2      | HP: 1/35 [Robin/+0 dagger (2)]
  1095 | D:2      | Slain by Robin

Levels and vault maps discovered:
D:1:      tarquinn_simple_flora_water_b, layout_basic
D:2:      layout_rooms, chequers_ecumenical_altar_lobes, uniq_terence,
          uniq_crazy_yiuf_cottage, uniq_robin

Skill      XL: |  1  2 |
---------------+-------+-----
Axes           | 3 |  3.4
Armour         | 2 |  2.2
Fighting       | |  3.5
Dodging        | |  0.7

Action                   |  1- 3 |  4- 6 || total
-------------------------+-------+-------++-------
Melee: Hand axe          |   104 |     7 ||   111
 Stab: Paralysed         |     5 |       ||     5
Armor: Leather armour    |    45 |     3 ||    48
Dodge: Dodged            |    72 |     6 ||    78
